 Dungeon Crawl Stone Soup version 0.29-a0-356-g7bc237e783 (webtiles) character file.

Game seed: 10666446674720765401

77 sammy202020 the Skirmisher (level 4, 0/55 HPs)
             Began as a Demonspawn Berserker on Apr 25, 2022.
             Was a Follower of Trog.
             Slain by an orc
             ... wielding a +0 trident
              (7 damage)
             ... on level 3 of the Dungeon.
             The game lasted 00:02:07 (1411 turns).

sammy202020 the Skirmisher (Demonspawn Berserker)   Turns: 1411, Time: 00:02:08

Health: 0/55       AC:  5    Str: 18    XL:     4   Next: 14%
Magic:  4/4        EV: 10    Int: 10    God:    Trog [*.....]
Gold:   123        SH:  3    Dex: 12    Spells: 3/3 levels left

rFire   . . .      SeeInvis .   h - +0 war axe
rCold   . . .      Faith    .   g - +0 buckler
rNeg    . . .      Spirit   .   i - +0 ring mail
rPois   .          Reflect  .   (no helmet)
rElec   .          Harm     .   (no cloak)
rCorr   .          Rampage  .   (no gloves)
Will    ++...                   (no boots)
Stlth   ..........              (no amulet)
HPRegen 1.18/turn               (no ring)
MPRegen 0.18/turn               (no ring)

@: berserking (expiring), strong-willed, regenerating, very quick
A: magic regeneration
a: Renounce Religion, Berserk


You were on level 3 of the Dungeon.
You worshipped Trog.
Trog was aware of your devotion.
You visited 1 branch of the dungeon, and saw 3 of its levels.

You collected 123 gold pieces.

Inventory:

Hand Weapons
 a - a +0 hand axe
 h - a +0 war axe (weapon)
Armour
 g - a +0 buckler (worn)
 i - a +0 ring mail (worn)
Scrolls
 c - 2 scrolls of teleportation {unknown}
 d - a scroll of immolation {unknown}
 j - a scroll of blinking {unknown}
 k - a scroll of identify {unknown}
Potions
 b - a potion of haste {unknown}
 e - 2 potions of resistance {unknown}
 f - 2 potions of mutation {unknown}
 l - a potion of heal wounds {unknown}


   Skills:
 * Level 3.8 Fighting
 * Level 3.4 Axes
 + Level 2.3 Armour
 + Level 2.2 Dodging


You had 3 spell levels left.
You didn't know any spells.
Your spell library was empty.

Dungeon Overview and Level Annotations

Branches:
Dungeon (2/15)

Altars:


Innate Abilities, Weirdness & Mutations

You regenerate magic rapidly.


Message History

Trog accepts your kill.
You closely miss the goblin. You block the ball python's attack.
The ball python grabs you. The ball python constricts you.
The gnoll hits you with a +0 flail. The gnoll hits you but does no damage.
The orc barely misses you. The goblin closely misses you.
The gnoll hits you with a +0 spear! The ball python bites you.
The ball python constricts you.
You slash the gnoll!
You kill the gnoll!
Trog accepts your kill.
You hit the gnoll. You slash the orc!
You kill the orc!
Trog accepts your kill.
You slash the ball python!
You kill the ball python!
Trog accepts your kill.
You slash the goblin!
You kill the goblin!
Trog accepts your kill. The orc barely misses you.
The gnoll hits you with a +0 flail.
The gnoll hits you from afar with a +0 spear.
You have reached level 4!
You feel stronger. You block the orc wizard's attack.
The orc hits you from afar with a +0 trident.
* * * LOW HITPOINT WARNING * * *
The orc hits you with a +0 whip.
* * * LOW HITPOINT WARNING * * *
The gnoll hits you with a +0 spear.
* * * LOW HITPOINT WARNING * * *
You slash the gnoll!
The gnoll is severely wounded.
You slash the orc wizard! You slash the orc!
You kill the orc!
Trog accepts your kill.
You slash the gnoll!
You kill the gnoll!
Trog accepts your kill.
The orc hits you from afar with a +0 trident!
You die...

#. .## . #. ..
..###.####.#
...........##
............
..........# .
.......g..###..!
#......@.)......
#.....o))).##...
#.....o..)##
#......K..#
##$......##
#.........
#.........
#.........#
.........#


You could see an orc wizard, a gnoll, an orc and a kobold.

Vanquished Creatures
  3 gnolls (D:3)
  An adder (D:2)
  A worm (D:2)
  2 orcs (D:3)
  2 endoplasms
  5 goblins
  2 hobgoblins
  6 jackals
  12 ball pythons
  4 bats
  A kobold (D:1)
  6 rats
45 creatures vanquished.

Vanquished Creatures (others)
  4 toadstools (D:1)
4 creatures vanquished.

Grand Total: 49 creatures vanquished

Notes
Turn   | Place    | Note
-------+----------+-------------------------------------------
     0 | D:1      | sammy202020 the Demonspawn Berserker began the quest for
                  | the Orb.
     0 | D:1      | Reached XP level 1. HP: 18/18 MP: 1/1
   244 | D:1      | Gained mutation: You regenerate magic rapidly. [demonic
                  | ancestry]
   244 | D:1      | Reached XP level 2. HP: 23/24 MP: 2/2
   449 | D:1      | Found a faded altar of an unknown god.
  1031 | D:2      | Reached XP level 3. HP: 13/29 MP: 3/3
  1092 | D:2      | Reached ** piety under Trog
  1402 | D:2      | You fall into a shaft and drop 1 floor!
  1410 | D:3      | Reached XP level 4. HP: 20/37 MP: 4/4
  1411 | D:3      | Slain by an orc

Illustrated notes

Levels and vault maps discovered:
D:1:      ldierk_walled_garden_2, layout_basic,
          nicolae_ecumenical_snake_handling
D:2:      layout_rooms, uniq_robin
D:3:      layout_rooms, mainiacjoe_overflow_catwalk, serial_shops, shop,
          gammafunk_ghost_arena, uniq_jessica

Skill      XL: |  1  2 |
---------------+-------+-----
Dodging        | 2 |  2.2
Axes           | 3 |  3.4
Armour         | 2 |  2.3
Fighting       | |  3.8

Action                   |  1- 3 |  4- 6 || total
-------------------------+-------+-------++-------
Melee: Hand axe          |    81 |       ||    81
       War axe           |    28 |     1 ||    29
Invok: Berserk           |     2 |       ||     2
       Trog's Hand       |     1 |       ||     1
Armor: Animal skin       |     4 |       ||     4
       Leather armour    |    20 |       ||    20
       Ring mail         |    21 |       ||    21
Dodge: Dodged            |   107 |       ||   107
Block: Buckler           |    13 |     1 ||    14

Table legend: (Time is in decaauts)
 A = Elapsed time spent in this place.
 B = Non-inter-level travel time spent in this place.
 C = Inter-level travel time spent in this place.
 D = Time resting spent in this place.
 E = Time spent auto-exploring this place.
 F = Levels seen in this place.
 G = Mean time per level.
                   A        B        C        D        E       F      G
               +--------+--------+--------+--------+--------+-----+--------+
         Total |   1442 |   1381 |     61 |    240 |    817 |   3 |  480.7 |
       Dungeon |   1442 |   1381 |     61 |    240 |    817 |   3 |  480.7 |
               +--------+--------+--------+--------+--------+-----+--------+

Top non-repeatable levels by time:
     D:1: 1015 daAuts
     D:2: 418 daAuts
     D:3: 8 daAuts
